 Dungeon Sprint DCSS version 0.20-a0-59-g66a9409 (console) character file.

579 Blackmore the Thaumaturge (level 7, -1/54 HPs)
             Began as a Deep Elf Ice Elementalist on Nov 16, 2016.
             Was an Elder of Sif Muna.
             Slain by a demonic crawler (10 damage)
             ... in the Dungeon (Sprint VII: "The Pits").
             The game lasted 00:07:01 (1464 turns).

Blackmore the Thaumaturge (DEIE)                    Turns: 1464, Time: 00:07:03

Health: -1/54      AC:  2    Str: 10    XL:     7   Next: 13%
Magic:  1/23       EV: 15    Int: 22    God:    Sif Muna [****..]
Gold:   0          SH:  0    Dex: 15    Spells: 5 memorised, 14 levels left

rFire  . . .     SeeInvis .     s - +5 dagger (venom)
rCold  . . .     Gourm    .     a - +0 robe
rNeg   . . .     Faith    .     (no shield)
rPois  .         Spirit   .     (no helmet)
rElec  .         Reflect  .     (no cloak)
rCorr  .         Harm     .     (no gloves)
MR     .....     NoTele   +     (no boots)
Stlth  ..........               (no amulet)
                                (no ring)
                                (no ring)

@: berserking, very slightly contaminated, divine energy, very quick
A: no striking features
a: Stop Divine Energy, Channel Magic, Forget Spell, Renounce Religion


You were in the Dungeon.
You worshipped Sif Muna.
Sif Muna was greatly pleased with you.
You were not hungry.

You visited 1 branch

Inventory:

Hand Weapons
 k - a +2 dagger
 r - a +2 long sword of flaming
 s - a +5 dagger of venom (weapon)
Armour
 a - a +0 robe (worn)
Scrolls
 m - 3 scrolls of remove curse
 n - 5 scrolls of amnesia
 o - a scroll of summoning
Potions
 d - 6 potions of curing
 e - 4 potions of heal wounds
 f - a potion of haste
 g - 4 potions of magic
 h - 2 potions of berserk rage
 l - 2 potions of invisibility
Books
 b - a book of Frost

   Spells                             Type                      Level
   a - Freeze                         Ice                          1
   b - Throw Frost                    Conjuration/Ice              2
   c - Ozocubu's Armour               Charms/Ice                   3
   d - Throw Icicle                   Conjuration/Ice              4
   e - Summon Ice Beast               Ice/Summoning                4
Comestibles
 c - 8 bread rations
 p - 40 fruits
 q - 6 meat rations


   Skills:
 - Level 4.5 Short Blades
 + Level 5.3 Dodging
 + Level 6.3 Stealth
 * Level 11.3 Spellcasting
 + Level 2.1 Conjurations
 + Level 2.0 Charms
 + Level 2.4 Summonings
 * Level 11.0 Ice Magic


You had 14 spell levels left.
You knew the following spells:

 Your Spells              Type           Power        Failure   Level  Hunger
a - Freeze                Ice            ####         1%          1    None
b - Throw Frost           Conj/Ice       #####.       1%          2    None
c - Ozocubu's Armour      Chrm/Ice       #####...     1%          3    None
d - Throw Icicle          Conj/Ice       #####...     4%          4    #......
e - Summon Ice Beast      Ice/Summ       #####...     3%          4    #......


Dungeon Overview and Level Annotations

Branches:
Dungeon (1/1)

Altars:
Ashenzari
Cheibriados
Dithmenos
Elyvilon
Fedhas
Gozag
Hepliaklqana
Kikubaaqudgha
Makhleb
Nemelex Xobeh
Okawaru
Qazlal
Ru
Sif Muna
Trog
Uskayaw
Vehumet
Xom
Yredelemnul
Zin
The Shining One
Beogh
Jiyva
Lugonu


Message History

The fireball engulfs the demonic crawler.
The demonic crawler resists.
The fireball engulfs you!
Ouch! That really hurt!
* * * LOW HITPOINT WARNING * * *
The fireball engulfs the efreet.
The efreet completely resists.
The fireball engulfs your ice beast.
Your ice beast melts!
Your ice beast dies!
The demonic crawler gives a hideous shriek!
You barely miss the demonic crawler.
The demonic crawler is severely wounded.
The demonic crawler hits you.
* * * LOW HITPOINT WARNING * * *
The demonic crawler barely misses you. x2
You barely miss the demonic crawler.
The demonic crawler is severely wounded.
You puncture the demonic crawler!
The demonic crawler is almost dead.
The demonic crawler hits you!
You die...

#.#........##.....
#.#........##.....
#'###########.....
#.......#..#######
#.###...#.######
#.#.....#.#....#
#.#...#.#'#....#
#.R...#.#.§R...+
#@s§###.#§#Y§..#
#...)§.)'.#..§.#
################


You could see a demonic crawler and an efreet.

Vanquished Creatures
  An eye of draining (D)
  A necrophage (D)
  An ogre (D)
  3 wights (D)
  A hound (D)
  2 oozes (D)
  An adder skeleton (D)
  An adder zombie (D)
  A leopard gecko (D)
  A bat zombie (D)
  A goblin (D)
  A hobgoblin (D)
  2 jackals (D)
  A frilled lizard (D)
  A rat (D)
19 creatures vanquished.

Vanquished Creatures (collateral kills)
  A hungry ghost (D)
  A water moccasin (D)
  A necrophage (D)
  An adder skeleton (D)
4 creatures vanquished.

Grand Total: 23 creatures vanquished

Notes
Turn   | Place    | Note
-------+----------+-------------------------------------------
     0 | D        | Blackmore the Deep Elf Ice Elementalist began the quest for the Orb.
     0 | D        | Reached XP level 1. HP: 10/10 MP: 6/6
    48 | D        | Found a radiant altar of Vehumet.
    48 | D        | Found a hide-covered altar of Uskayaw.
    48 | D        | Found an ancient bone altar of Kikubaaqudgha.
    48 | D        | Found a viscous altar of Jiyva.
    48 | D        | Found a hazy altar of Hepliaklqana.
    49 | D        | Found a bloodstained altar of Trog.
    49 | D        | Found a deep blue altar of Sif Muna.
    49 | D        | Found a sacrificial altar of Ru.
    49 | D        | Found a stormy altar of Qazlal.
    49 | D        | Found an iron altar of Okawaru.
    49 | D        | Found a sparkling altar of Nemelex Xobeh.
    49 | D        | Found an opulent altar of Gozag.
    49 | D        | Found a blossoming altar of Fedhas.
    49 | D        | Found a white marble altar of Elyvilon.
    49 | D        | Found a shadowy altar of Dithmenos.
    49 | D        | Found a snail-covered altar of Cheibriados.
    50 | D        | Found a glowing golden altar of the Shining One.
    50 | D        | Found a glowing silver altar of Zin.
    51 | D        | Found a burning altar of Makhleb.
    51 | D        | Found a basalt altar of Yredelemnul.
    51 | D        | Found a roughly hewn altar of Beogh.
    52 | D        | Found a corrupted altar of Lugonu.
    52 | D        | Found a shimmering altar of Xom.
    52 | D        | Found a shattered altar of Ashenzari.
    54 | D        | Became a worshipper of Sif Muna the Loreminder
   207 | D        | Reached skill level 5 in Ice Magic
   207 | D        | Reached XP level 2. HP: 7/15 MP: 4/8
   211 | D        | Learned a level 2 spell: Throw Frost
   366 | D        | Reached * piety under Sif Muna
   634 | D        | Reached skill level 1 in Short Blades
   634 | D        | Reached skill level 5 in Spellcasting
   634 | D        | Reached XP level 3. HP: 16/19 MP: 1/11
   639 | D        | Learned a level 3 spell: Ozocubu's Armour
   640 | D        | Noticed an ogre
   723 | D        | Noticed a necrophage
   742 | D        | Killed a necrophage
   742 | D        | Reached ** piety under Sif Muna
   742 | D        | Reached XP level 4. HP: 24/24 MP: 3/15
   742 | D        | Reached XP level 5. HP: 28/28 MP: 3/17
   748 | D        | Learned a level 4 spell: Throw Icicle
   753 | D        | Learned a level 4 spell: Summon Ice Beast
   846 | D        | Noticed a necrophage
   863 | D        | Killed a necrophage
   863 | D        | Reached *** piety under Sif Muna
   863 | D        | Reached skill level 1 in Charms
   880 | D        | Killed an ogre
   880 | D        | Reached skill level 5 in Stealth
  1008 | D        | Noticed an eye of draining
  1014 | D        | Killed an eye of draining
  1014 | D        | Reached **** piety under Sif Muna
  1014 | D        | Reached skill level 5 in Dodging
  1014 | D        | Reached skill level 10 in Spellcasting
  1014 | D        | Reached skill level 1 in Summonings
  1014 | D        | Reached XP level 6. HP: 32/32 MP: 12/21
  1066 | D        | Noticed a water moccasin
  1089 | D        | Reached skill level 10 in Ice Magic
  1228 | D        | Killed a water moccasin
  1228 | D        | Reached XP level 7. HP: 23/36 MP: 19/23
  1404 | D        | Noticed a hungry ghost
  1404 | D        | Noticed a demonic crawler
  1430 | D        | Killed a hungry ghost
  1440 | D        | Noticed an efreet
  1464 | D        | Slain by a demonic crawler

Vault maps used:
D:        pitsprint

Skill      XL: |  1  2  3  4  5  6  7 |
---------------+----------------------+-----
Ice Magic      | 5 6 7 9 10 11 | 11.0
Stealth        | 3 4 5 6 |  6.3
Spellcasting   | 5 7 10 11 | 11.3
Dodging        | 3 4 5 |  5.3
Short Blades   | 1 2 4 |  4.5
Charms         | 1 2 |  2.0
Summonings     | 1 2 |  2.4
Conjurations   | 2 |  2.1

Action                   |  1- 3 |  4- 6 |  7- 9 || total
-------------------------+-------+-------+-------++-------
Melee: Dagger            |    29 |     7 |     6 ||    42
 Cast: Freeze            |    11 |       |       ||    11
       Throw Frost       |     6 |       |       ||     6
       Ozocubu's Armour  |     1 |       |       ||     1
       Summon Ice Beast  |       |     6 |     7 ||    13
       Throw Icicle      |       |     7 |       ||     7
Invok: Divine Energy     |       |     1 |       ||     1
  Use: Potion            |     1 |       |     2 ||     3
       Scroll            |       |       |     1 ||     1
 Stab: Sleeping          |     3 |     2 |       ||     5
  Eat: Chunk             |       |     1 |       ||     1
       Meat ration       |       |       |     1 ||     1
Armor: Robe              |     5 |       |     1 ||     6
Dodge: Dodged            |    24 |       |    10 ||    34
